 Dungeon Crawl Stone Soup version 0.18-a0-1293-g5a2c81a (webtiles) character file.

89 Gagarin the Shooter (level 4, -2/37 HPs)
             Began as a Minotaur Hunter on Feb 10, 2016.
             Slain by a gnoll
             ... wielding a +1 flail of protection
              (13 damage)
             ... on level 2 of the Dungeon.
             The game lasted 00:08:53 (1911 turns).

Gagarin the Shooter (Minotaur Hunter)               Turns: 1911, Time: 00:08:53

Health: -2/37      AC:  3    Str: 14 (16) XL:     4   Next: 31%
Magic:  3/3        EV: 12    Int:  6 (8)  God:
Gold:   79         SH:  0    Dex: 10 (12) Spells: 0 memorised, 3 levels left

rFire  . . .     SeeInvis .     s - +0 rapier
rCold  . . .     Gourm    .     c - +0 leather armour
rNeg   . . .     Faith    .     (no shield)
rPois  .         Spirit   .     (helmet restricted)
rElec  .         Dismiss  .     (no cloak)
rCorr  .         Reflect  .     (no gloves)
SustAt .         Harm     .     (no boots)
MR     .....                    (no amulet)
Stlth  +.........               (no ring)
                                (no ring)

@: not resistant to hostile enchantments, very unstealthy
A: retaliatory headbutt, horns 2
a: no special abilities


You were on level 2 of the Dungeon.
You were not hungry.

You visited 1 branch of the dungeon, and saw 2 of its levels.

You collected 79 gold pieces.

Inventory:

Hand Weapons
 a - a +1 shortbow
 b - a +0 short sword
 s - a +0 rapier (weapon)
Missiles
 d - 8 arrows
 u - a throwing net (quivered)
 w - 5 javelins
Armour
 c - a +0 leather armour (worn)
Jewellery
 k - a +2 ring of protection {unknown}
Scrolls
 g - 3 scrolls of identify {unknown}
 j - 2 scrolls of fog {unknown}
 l - 2 scrolls of remove curse {unknown}
 n - a scroll of amnesia {unknown}
 q - a scroll of teleportation {unknown}
 t - 2 scrolls of enchant weapon {unknown}
 x - 2 scrolls of noise {unknown}
Potions
 e - a potion of degeneration
 h - a potion of cancellation {unknown}
 i - a potion of magic {unknown}
 o - a potion of flight {unknown}
 p - a potion of ambrosia {unknown}
 r - a potion of heal wounds {unknown}
Comestibles
 f - a bread ration
 m - 3 chunks of flesh
 v - a beef jerky


   Skills:
 + Level 2.7 Fighting
 + Level 0.2 Short Blades
 + Level 5.7 Bows
 + Level 0.4 Throwing
 + Level 0.8 Armour
 + Level 2.9 Dodging
 + Level 1.0 Stealth


You had 3 spell levels left.
You didn't know any spells.

Dungeon Overview and Level Annotations

Branches:
Dungeon (2/15)

Altars:
Ru


Innate Abilities, Weirdness & Mutations

You reflexively headbutt those who attack you in melee.
You have a pair of horns on your head.


Message History

You headbutt the gnoll, but do no damage.
Wield which item (- for none, * to show all)? (? for menu, Esc to quit)
s - a +0 rapier (weapon)
You hit the gnoll.
You headbutt the gnoll, but do no damage.
The gnoll is heavily wounded.
The gnoll hits you with a flail of protection.
The gnoll hits you from afar with a spear!
You hit the gnoll. Your headbutt misses the gnoll.
The gnoll is severely wounded.
The gnoll hits you with a flail of protection.
The gnoll hits you from afar with a spear.
* * * LOW HITPOINT WARNING * * *
Drink which item? (? for menu, Esc to quit)
It was a potion of degeneration.
There was something very wrong with that liquid.
You feel weakened.
You feel dopey.
You feel clumsy. The gnoll hits you but does no damage.
The gnoll hits you with a flail of protection!
You die...

#.#.##...............[#
#.#.########...#.#.####
#.#.#######..>.....#
#.......#....#.###.#
#######.#.#........#
###....###.#####
#.###.## #.# #.####
#.#######.#
#.g..g###.((gg@รท.#
#.#.######### ##.## ###


You could see 2 gnolls.

Vanquished Creatures
  2 adders (D:2)
  3 oozes
  5 worms (D:2)
  2 giant geckos
  2 giant cockroaches (D:1)
  4 goblins
  4 hobgoblins
  6 jackals
  6 kobolds
  A quokka (D:2)
  2 bats
  2 giant newts
  4 rats
43 creatures vanquished.

Notes
Turn   | Place    | Note
--------------------------------------------------------------
     0 | D:1      | Gagarin the Minotaur Hunter began the quest for the Orb.
     0 | D:1      | Reached XP level 1. HP: 18/18 MP: 0/0
   397 | D:1      | Reached XP level 2. HP: 25/25 MP: 1/1
   458 | D:1      | Reached skill level 5 in Bows
  1085 | D:2      | Reached XP level 3. HP: 30/30 MP: 2/2
  1352 | D:2      | Reached skill level 1 in Stealth
  1619 | D:2      | Found a sacrificial altar of Ru.
  1642 | D:2      | Reached XP level 4. HP: 37/37 MP: 3/3
  1911 | D:2      | Slain by a gnoll

Vault maps used:
D:1:      erik_arrival_triangle_large
D:2:      nicolae_ru_awakened_eye

Action                   |  1- 3 |  4- 6 || total
-------------------------+-------+-------++-------
Melee: Short sword       |    25 |       ||    25
       Rapier            |    17 |     9 ||    26
 Fire: Shortbow          |    83 |     9 ||    92
Throw: Throwing net      |     3 |     1 ||     4
  Use: Potion            |       |     1 ||     1
  Eat: Chunk             |     2 |     1 ||     3
